Map: Acid Plant LE

Players

Humility - Winner!

  • Race: Zerg Zerg
  • League: Diamond
  • Spawn Location: 5:00

A.I. 1 (Very Easy)

  • Race: Terran Terran
  • Spawn Location: 11:00

VOD

Have the link to the VOD?

Description

Time

  • Played on: Sept. 1, 2018, 9:36 a.m.
  • Length: 8:50
Show
View Real Time Build Order
Export as new Build Order

Humility Zerg - Winner!

Build Orders: Hatch First 

Get SALT Encoding   

  12  0:01  Drone  
  13  0:13  Overlord  
  13  0:17  Drone  
  14  0:31  Drone  
  14  0:32  Drone  
  17  0:35  Drone  
  17  0:52  Hatchery  
  17  0:56  Drone  
  17  0:58  Drone  
  18  1:09  Extractor  
  17  1:14  Spawning Pool  
  17  1:16  Drone  
  17  1:20  Drone  
  18  1:30  Drone  
  19  1:40  Overlord  
  19  1:56  Drone  
  20  2:01  Zergling x2, Queen  
  20  2:04  Queen  
  20  2:05  Zergling x2  
  26  2:12  Metabolic Boost  
  26  2:16  Drone  
  26  2:17  Drone  
  28  2:32  Hatchery  
  27  2:37  Drone x2  
  27  2:38  Drone  
  30  2:45  Queen  
  30  2:51  Overlord  
  32  2:54  Drone  
  32  2:56  Drone  
  34  3:03  Queen  
  36  3:08  Overlord  
  36  3:14  Drone x3  
  39  3:20  Drone x2  
  39  3:21  Drone  
  39  3:26  Queen  
  44  3:31  Overlord  
  44  3:45  Drone  
  45  3:49  Queen  
  45  3:55  Drone x2  
  49  3:59  Lair  
  49  4:05  Queen  
  49  4:07  Drone  
  49  4:08  Drone x7  
  59  4:10  Overlord  
  59  4:17  Baneling Nest  
  59  4:19  Extractor  
  59  4:20  Extractor  
  59  4:22  Drone x3  
  59  4:26  Drone x3  
  59  4:31  Drone x3  
  65  4:35  Overlord  
  65  4:48  Overlord x2  
  65  4:49  Overlord  
  65  4:53  Drone  
  65  4:54  Drone x6  
  72  5:02  Extractor  
  72  5:06  Evolution Chamber, Centrifical Hooks  
  70  5:07  Evolution Chamber  
  70  5:10  Drone x2  
  70  5:11  Drone x2  
  70  5:12  Drone x3  
  76  5:18  Overlord  
  76  5:30  Extractor, Drone  
  76  5:31  Drone x3  
  76  5:34  Zerg Melee Weapons Level 1, Zerg Ground Armor Level 1  
  79  5:53  Hatchery, Drone x3  
  79  5:57  Hydralisk Den  
  80  5:59  Hatchery  
  80  6:02  Overlord  
  79  6:05  Overlord x2  
  79  6:06  Overlord  
  79  6:14  Drone x8  
  79  6:15  Drone x2  
  89  6:20  Overlord  
  89  6:22  Overlord  
  89  6:24  Queen  
  91  6:27  Grooved Spines  
  91  6:32  Hydralisk x6  
  93  6:34  Hydralisk  
  93  6:36  Hydralisk  
  93  6:38  Hydralisk  
  109  6:41  Hydralisk  
  109  6:43  Hydralisk  
  109  6:46  Hydralisk  
  115  6:48  Zergling x4  
  117  6:56  Hydralisk x4  
  117  6:57  Hydralisk  
  127  7:04  Zergling x2  
  127  7:05  Zergling x10  
  133  7:33  Overlord x2  
  133  7:34  Drone x3  
  133  7:35  Drone x2  
  133  7:37  Extractor x2  
  137  7:38  Zergling x20  
  137  7:39  Muscular Augments  
  145  7:45  Extractor, Drone x3  
  145  7:47  Drone x2  
  149  8:02  Queen  
  151  8:13  Overlord  
  151  8:14  Hydralisk, Overlord x2  
  151  8:15  Hydralisk x13  
  179  8:27  Overlord x2  
  179  8:30  Extractor  
  178  8:42  Hatchery  
  177  8:49  Hatchery  
Show
View Real Time Build Order
Export as new Build Order

A.I. 1 (Very Easy) Terran 

Build Orders:  

Get SALT Encoding   

  12  0:00  SCV  
  13  0:13  SCV  
  14  0:18  Supply Depot  
  14  0:36  Refinery  
  14  0:42  Barracks  
  14  1:06  Supply Depot  
  14  1:13  Refinery  
  14  1:30  Marine  
  14  1:31  Orbital Command  
  15  1:57  SCV  
  16  2:09  SCV  
  17  2:19  Barracks Tech Lab  
  17  2:21  SCV  
  18  2:33  SCV  
  18  2:36  Marine  
  20  2:45  SCV  
  21  2:57  SCV  
  22  3:25  Marauder  
  24  6:53  Marine, SCV  
  26  6:56  Supply Depot  
  26  6:58  Factory  
  26  6:59  Command Center  
  25  7:05  SCV  
  26  7:17  SCV  
  26  7:19  Supply Depot  
  27  7:25  Marine  
  27  7:29  SCV  
  29  7:41  SCV  
  29  7:45  Starport  
  26  7:57  Marine  
  26  8:12  SCV  
  27  8:17  Refinery  
  27  8:24  Starport Tech Lab  
  27  8:27  SCV, Hellion  
Tags
 
League
Diamond
Matchup
TvZ
Spawn Locations
Cross Positions
Add a new tag
Caveats
  • Supply blocks, unpowered buildings, or Contaminate may cause inaccurate times.
  • Supply counts are checked every 10 seconds.